Map: Ruins of Seras

Players

Barrymore - Winner!

  • Race: Protoss Protoss
  • League: Grandmaster

SticklerMac

  • Race: Zerg Zerg
  • League: Grandmaster

VOD

Have the link to the VOD?

Description

Time

  • Played on: July 18, 2015, 4:29 p.m.
  • Length: 11:12
Show
View Real Time Build Order
Export as new Build Order

Barrymore Protoss - Winner!

Build Orders: Cannon Rush 

Get SALT Encoding   

  12  0:01  Probe  
  13  0:13  Probe  
  14  0:22  Pylon  
  14  0:40  Probe  
  14  0:42  Forge  
  15  0:52  Probe (Chrono Boost)  
  17  1:04  Probe (Chrono Boost)  
  18  1:12  Probe (Chrono Boost)  
  18  1:20  Probe (Chrono Boost), Pylon  
  19  1:41  Pylon  
  19  1:42  Pylon  
  19  1:46  Photon Cannon  
  19  1:47  Pylon  
  19  1:57  Photon Cannon  
  19  1:59  Photon Cannon  
  19  2:16  Photon Cannon x2  
  19  2:20  Photon Cannon  
  19  2:37  Pylon  
  19  2:51  Pylon  
  19  3:09  Gateway  
  19  3:13  Nexus  
  19  3:15  Photon Cannon  
  19  3:34  Photon Cannon  
  19  3:43  Probe (Chrono Boost)  
  20  3:53  Probe (Chrono Boost)  
  20  3:55  Photon Cannon  
  21  3:59  Pylon  
  21  4:00  Probe, Photon Cannon  
  22  4:07  Cybernetics Core  
  22  4:12  Probe  
  22  4:13  Assimilator  
  23  4:18  Assimilator  
  23  4:24  Probe (Chrono Boost)  
  24  4:35  Probe (Chrono Boost)  
  25  4:41  Probe  
  26  4:45  Probe  
  26  4:53  Probe  
  26  4:57  Probe  
  28  5:00  Pylon  
  28  5:04  Pylon  
  28  5:05  Probe  
  29  5:09  Probe (Chrono Boost)  
  29  5:10  Gateway  
  30  5:15  Warp Gate (Chrono Boost)  
  30  5:19  Probe (Chrono Boost)  
  32  5:22  Probe (Chrono Boost)  
  32  5:28  Probe (Chrono Boost)  
  33  5:29  Protoss Ground Weapons Level 1 (Chrono Boost)  
  33  5:30  Probe (Chrono Boost)  
  33  5:35  Probe  
  35  5:39  Probe, Gateway  
  35  5:41  Gateway  
  35  5:42  Gateway  
  36  5:46  Sentry  
  38  5:54  Gateway  
  38  5:59  Gateway  
  38  6:03  Probe x2  
  40  6:28  Assimilator  
  40  6:32  Assimilator  
  40  6:36  Photon Cannon  
  40  6:40  Photon Cannon  
  40  6:50  Adept  
  40  6:51  Adept  
  40  6:53  Adept x4  
  52  6:56  Adept  
  54  7:13  Probe x2  
  56  7:19  Zealot x3  
  56  7:20  Zealot x3  
  68  7:25  Probe x2  
  68  7:27  Zealot  
  64  7:37  Probe  
  64  7:41  Zealot  
  64  7:42  Zealot x4  
  73  8:07  Sentry  
  70  8:28  Stalker x3  
  70  8:46  Stalker x4  
  76  9:06  Pylon  
  76  9:09  Pylon  
  76  9:10  Pylon  
  76  9:12  Pylon  
  76  9:14  Pylon  
  76  9:16  Pylon  
  76  9:18  Pylon  
  76  9:33  Stalker  
  76  9:34  Stalker x4  
  76  9:35  Stalker x2  
  90  9:48  Robotics Facility  
  90  9:51  Pylon  
  90  9:52  Pylon  
  90  9:56  Pylon  
  90  9:58  Twilight Council  
  90  9:59  Pylon  
  90  10:13  Adept x4  
  90  10:14  Adept x3  
  102  10:45  Stalker x5  
  102  10:46  Stalker  
Show
View Real Time Build Order
Export as new Build Order

SticklerMac Zerg 

Build Orders: 3 Hatch before Pool 

Get SALT Encoding   

  12  0:01  Drone  
  13  0:08  Drone  
  14  0:18  Overlord  
  14  0:43  Hatchery  
  14  0:45  Drone  
  14  0:49  Drone  
  15  0:53  Drone  
  16  1:18  Hatchery  
  16  1:21  Drone  
  16  1:24  Drone  
  17  1:32  Drone, Extractor  
  17  1:35  Drone  
  18  1:49  Spawning Pool  
  18  1:51  Drone  
  18  1:57  Drone  
  19  2:10  Drone x2  
  19  2:11  Drone  
  22  2:16  Drone  
  22  2:19  Drone  
  24  2:29  Drone x2  
  26  2:31  Drone  
  27  2:44  Drone x2  
  27  2:45  Drone  
  27  2:50  Spine Crawler  
  29  2:52  Spine Crawler  
  29  2:56  Spine Crawler  
  29  2:58  Spine Crawler  
  29  3:01  Zergling x6  
  29  3:02  Zergling x2  
  32  3:08  Zergling x2  
  34  3:14  Overlord  
  32  3:29  Overlord  
  32  3:30  Overlord  
  32  3:32  Queen  
  34  3:35  Queen  
  34  3:37  Zergling x2  
  36  3:44  Overlord  
  36  3:49  Zergling x6  
  36  3:51  Zergling x2  
  40  4:00  Zergling x2  
  41  4:04  Zergling x2  
  41  4:07  Zergling x2  
  43  4:18  Zergling x4  
  45  4:24  Zergling x2  
  45  4:29  Zergling x2  
  47  4:55  Zergling x18  
  47  4:56  Zergling x4  
  54  5:09  Zergling x4  
  56  5:16  Zergling x2  
  56  5:17  Zergling x2  
  58  5:23  Zergling x4  
  58  5:24  Lair  
  58  5:28  Overlord x4  
  60  5:29  Overlord x2  
  60  5:43  Metabolic Boost  
  60  5:54  Zergling x8  
  60  5:55  Zergling x2  
  65  5:59  Zergling x4  
  65  6:00  Zergling x2  
  65  6:03  Hatchery  
  67  6:04  Zergling x2  
  67  6:05  Zergling x2  
  67  6:07  Hatchery  
  67  6:08  Zergling x2  
  67  6:09  Zergling x2  
  70  6:23  Zergling x8  
  74  6:32  Zergling x12  
  80  6:36  Zergling x2  
  81  6:50  Zergling x4  
  81  6:51  Zergling x4  
  85  6:57  Zergling x2  
  81  7:08  Zergling x2  
  81  7:09  Zergling x12  
  81  7:10  Zergling x2  
  86  7:18  Zergling x2  
  86  7:19  Zergling x6  
  86  7:22  Zergling x2  
  73  7:27  Zergling x4  
  57  7:30  Zergling x2  
  48  7:42  Zergling x8  
  48  7:43  Zergling x2  
  46  7:51  Zergling x6  
  44  8:01  Zergling x2  
  44  8:02  Zergling x6  
  41  8:06  Zergling x2  
  41  8:11  Zergling x2  
  41  8:12  Zergling x2  
  40  8:16  Zergling x2  
  40  8:26  Zergling x2  
Tags
 
Add a new tag
Caveats
  • Supply blocks, unpowered buildings, or Contaminate may cause inaccurate times.
  • Supply counts are checked every 10 seconds.